 Dungeon Crawl Stone Soup version 0.30.1-11-g7821555f0a (webtiles) character file.

Game seed: 3357367687452975160

7692 lonewolfV2 the Fighter (level 11, -5/153 HPs)
             Began as a Minotaur Fighter on Nov 1, 2023.
             Was an Elder of Qazlal.
             Slain by a white ugly thing (13 damage)
             ... on level 11 of the Dungeon.
             The game lasted 00:17:38 (8241 turns).

lonewolfV2 the Fighter (Minotaur Fighter)           Turns: 8241, Time: 00:17:39

Health: -5/153     AC: 14    Str: 23    XL:     11   Next: 0%
Magic:  12/12      EV:  9    Int:  5    God:    Qazlal [****..]
Gold:   633        SH: 14    Dex: 12    Spells: 10/10 levels left

rFire   + . .        a - +1 war axe (elec)
rCold   + . .        r - +0 kite shield
rNeg    . . .        e - +1 plate armour
rPois   .            (helmet restricted)
rElec   .            (no cloak)
rCorr   .            (no gloves)
SInv    .            (no boots)
Will    .....        i - amulet of regeneration Stlth
                     s - ring "Guac" {rF+ rC+ Slay+4}
HPRegen 1.25/turn    (no ring)
MPRegen 0.13/turn

%: repel missiles
@: berserking, lethally poisoned (-5 -> -5), very quick
A: horns 2, retaliatory headbutt
a: Renounce Religion, Upheaval, Elemental Force


You were on level 11 of the Dungeon.
You worshipped Qazlal.
Qazlal was greatly pleased with you.
You visited 2 branches of the dungeon, and saw 12 of its levels.
You also visited: Ossuary.

You collected 633 gold pieces.

Inventory:

Hand Weapons
 a - a +1 war axe of electrocution (weapon)
 u - the +7 dagger of Lori {freeze, rPois rF+ Str+8 Dex-3}
   (You found it on level 7 of the Dungeon)

   Str:       It affects your strength (+8).
   Dex:       It affects your dexterity (-3).
   rF:        It protects you from fire.
   rPois:     It protects you from poison.
Missiles
 C - a throwing net (quivered)
Armour
 c - a +0 buckler
 e - a +1 plate armour (worn)
 r - a +0 kite shield (worn)
Jewellery
 i - an amulet of regeneration (around neck)
 s - the ring "Guac" (left hand) {rF+ rC+ Slay+4}
   (You acquired it on level 5 of the Dungeon)

   [ring of slaying]

   Slay:      It affects your accuracy & damage with ranged weapons and melee
   (+4).
   rF:        It protects you from fire.
   rC:        It protects you from cold.
 z - an amulet of faith
 E - a ring of willpower
Wands
 b - a wand of digging (3)
 t - a wand of polymorph (10)
 G - a wand of charming (3)
Scrolls
 f - 8 scrolls of teleportation
 g - 3 scrolls of magic mapping
 h - 4 scrolls of enchant weapon
 k - a scroll of enchant armour
 n - a scroll of fog
 v - a scroll of fear
 w - 5 scrolls of identify
 y - 2 scrolls of poison
 A - a scroll of brand weapon
Potions
 d - a potion of might
 l - 2 potions of haste
 o - a potion of lignification
 p - 2 potions of mutation
 q - a potion of brilliance
 x - a potion of degeneration
 F - a potion of invisibility {unknown}
Miscellaneous
 B - a tin of tremorstones (inert)
 D - a box of beasts


   Skills:
 - Level 11.3 Fighting
 - Level 10.4 Axes
 + Level 8.4 Armour
 * Level 9.8 Dodging
 - Level 3.6 Shields
 + Level 3.6 Invocations


You had 10 spell levels left.
You didn't know any spells.
Your spell library contained the following spells:

 Spells                   Type           Power      Damage    Failure   Level
 Apportation              Tloc           0%         N/A       100%        1
 Magic Dart               Conj           0%         1d3       100%        1
 Necrotise                Necr           0%         1d4       100%        1
 Shock                    Conj/Air       0%         1d3       100%        1
 Summon Small Mammal      Summ           0%         N/A       100%        1
 Searing Ray              Conj           0%         2d4       100%        2
 Gell's Gravitas          Tloc           0%         N/A       100%        3
 Swiftness                Air            0%         N/A       100%        3
 Teleport Other           Tloc           0%         N/A       100%        3
 Airstrike                Air            0%         2d(0-16)  100%        4
 Fulminant Prism          Conj/Hex       0%         3d5       100%        4
 Manifold Assault         Tloc           0%         N/A       100%        4
 Dispersal                Tloc           0%         N/A       100%        6
 Simulacrum               Ice/Necr       0%         N/A       100%        6
 Ozocubu's Refrigeration  Ice            0%         4d7       100%        7
 Disjunction              Tloc           0%         N/A       100%        8
 Polar Vortex             Ice            0%         N/A       100%        9


Dungeon Overview and Level Annotations

Branches:
Dungeon (11/15)            Temple (1/1) D:4            Lair (0/5) D:10
Ossuary (visited)
    Orc: D:9-12

Altars:
Ashenzari
Cheibriados
Dithmenos
Hepliaklqana
Kikubaaqudgha
Makhleb
Okawaru
Qazlal
Sif Muna
Trog
Vehumet
Xom
Yredelemnul
The Shining One

Shops:
D:4 =   D:5 =

Annotations:
D:5 2 transporters, lonewolfV2's ghost, novice DsFi
D:10 3 runed translucent doors, LordWeiramon's ghost, novice DsFi
D:11 Grum


Innate Abilities, Weirdness & Mutations

You have a pair of horns on your head.
You reflexively headbutt those who attack you in melee.


Message History

The white ugly thing stings you!
* * * LOW HITPOINT WARNING * * *
The white ugly thing freezes you. You resist.
* * * LOW HITPOINT WARNING * * *
You block Grum's attack.
The tremorstone explodes into fragments!
You hear a shout!
You block the white ugly thing's attack.
Grum hits you with a -2 spear of venom.
* * * LOW HITPOINT WARNING * * *
You block the white ugly thing's attack.
You block Grum's attack.
The tremorstone explodes into fragments!
The tin is emptied!
You hear two shouts!
The white ugly thing stings you but does no damage.
You block Grum's attack.
A red film seems to cover your vision as you go berserk!
You feel yourself moving faster!
You feel mighty!
You block the white ugly thing's attack.
Grum hits you with a -2 spear of venom.
* * * LOW HITPOINT WARNING * * *
You are poisoned.
The white ugly thing barely misses you. You block Grum's attack.
You slash Grum!
Grum is severely wounded.
You hit the white ugly thing.
You feel yourself speed up.
You feel very sick. The white ugly thing stings you.
* * * LOW HITPOINT WARNING * * *
The white ugly thing freezes you! You resist.
* * * LOW HITPOINT WARNING * * *
You block Grum's attack.
You barely miss Grum. Your headbutt misses Grum.
Grum is severely wounded.
You slash the white ugly thing!
You feel sick. The white ugly thing stings you.
* * * LOW HITPOINT WARNING * * *
The white ugly thing freezes you! You resist.
You die...

### ### # #.. ..#.#
#####.###.#.#
...#.......
######.#.§##.#
.....○!.†°...#+######
###....@.###........#
......ug.○..........#
$........°......>...+
###......##.........####
.........#........<....
......###.##.........###
...... ..+............
.....# #########...###
#.......


You could see a white ugly thing and Grum.

Vanquished Creatures
  Gastronok (D:8)
  A komodo dragon (D:10)
  Sigmund (D:4)
  A vampire (D:10)
  A wraith (D:11)
  2 wyverns
  2 steam dragons
  4 vampire mosquitoes (D:10)
  2 water moccasins
  3 ice beasts
  3 sky beasts
  4 orc warriors
  A black bear (D:6)
  3 wolves (D:11)
  2 ogres
  4 centaurs
  A phantom (D:5)
  An elf zombie (Ossuary)
  4 kobold brigands
  4 bullfrogs
  2 gnoll sergeants
  2 scorpions
  4 wights
  A killer bee (D:8)
  2 howler monkeys
  A jelly (D:4)
  7 electric eels (D:10)
  4 orc priests
  3 gnoll boudas
  5 hounds
  2 sleepcaps
  3 human zombies (Ossuary)
  2 iguanas (D:5)
  Ijyb (D:2)
  9 orc wizards
  3 mummies
  30 gnolls
  4 adders (D:2)
  A shadow imp (D:6)
  A white imp (D:7)
  An adder zombie (Ossuary)
  A worm (D:3)
  A dart slug (D:10)
  27 orcs
  6 ball pythons
  3 bats (D:2)
  10 endoplasms
  5 giant cockroaches
  5 goblins
  5 hobgoblins
  A jackal (D:2)
  6 quokkas
  2 frilled lizards
  7 hobgoblin zombies (Ossuary)
  14 kobolds
  9 kobold zombies (Ossuary)
  14 orc zombies (Ossuary)
  3 rats (D:1)
  A rat zombie (Ossuary)
  A spectral orc (D:7)
254 creatures vanquished.

Notes
Turn   | Place    | Note
-------+----------+-------------------------------------------
     0 | D:1      | lonewolfV2 the Minotaur Fighter began the quest for the
                  | Orb.
     0 | D:1      | Reached XP level 1. HP: 19/19 MP: 0/0
   320 | D:1      | Reached XP level 2. HP: 27/27 MP: 1/1
   451 | D:1      | Reached skill level 4 in Fighting
  1056 | D:2      | Reached XP level 3. HP: 33/33 MP: 2/2
  1294 | D:2      | Reached XP level 4. HP: 41/41 MP: 3/3
  1592 | D:3      | Noticed Ijyb
  1602 | D:2      | Killed Ijyb
  1883 | D:3      | Reached skill level 5 in Fighting
  1885 | D:3      | Reached skill level 5 in Axes
  1906 | D:3      | Reached XP level 5. HP: 12/48 MP: 4/4
  2582 | D:4      | Reached skill level 6 in Fighting
  2652 | D:4      | Found a staircase to the Ecumenical Temple.
  2695 | D:4      | Reached XP level 6. HP: 44/58 MP: 5/5
  2709 | Temple   | Entered the Ecumenical Temple
  2803 | Temple   | Became a worshipper of Qazlal Stormbringer
  3016 | D:4      | Found Fiserchil's Jewellery Emporium.
  3021 | D:4      | Reached skill level 7 in Fighting
  3121 | D:4      | Noticed Sigmund
  3137 | D:4      | Killed Sigmund
  3138 | D:4      | Reached skill level 8 in Fighting
  3138 | D:4      | Reached XP level 7. HP: 56/68 MP: 6/6
  3243 | D:4      | Noticed a steam dragon
  3250 | D:4      | Killed a steam dragon
  3391 | D:5      | Entered Level 5 of the Dungeon
  3413 | D:5      | Found a broken altar of Ashenzari.
  3486 | D:5      | Reached skill level 9 in Fighting
  3506 | D:5      | Found a transporter.
  3520 | D:5      | Reached XP level 8. HP: 78/78 MP: 7/7
  3520 | D:5      | Noticed lonewolfV2's ghost (novice DsFi)
  3521 | D:5      | Found a transporter.
  3666 | D:5      | Found a sand-covered staircase.
  3675 | Ossuary  | Entered an ossuary
  3688 | Ossuary  | Reached * piety under Qazlal
  3791 | Ossuary  | Reached ** piety under Qazlal
  3981 | D:5      | Reached skill level 10 in Fighting
  3993 | D:5      | Found Dankat's Jewellery Boutique.
  4074 | D:5      | Found a shimmering blue altar of Sif Muna.
  4271 | D:5      | Identified a scroll of acquirement
  4271 | D:5      | Acquired the ring "Guac" {rF+ rC+ Slay+4}
  4384 | D:6      | Reached XP level 9. HP: 86/86 MP: 8/8
  4436 | D:6      | Reached skill level 11 in Fighting
  4436 | D:6      | Reached skill level 10 in Axes
  4667 | D:6      | Reached skill level 1 in Dodging
  4677 | D:6      | Identified the +0 robe "Pabui" {rC+}
  4937 | D:7      | Reached skill level 5 in Armour
  4955 | D:7      | Identified the +7 dagger of Lori {freeze, rPois rF+ Str+8
                  | Dex-3}
  5038 | D:7      | Found a basalt altar of Yredelemnul.
  5103 | D:7      | Reached skill level 5 in Dodging
  5146 | D:7      | Reached *** piety under Qazlal
  5250 | D:7      | Found a hazy altar of Hepliaklqana.
  5790 | D:8      | Noticed Gastronok
  5806 | D:8      | Killed Gastronok
  5807 | D:8      | Reached XP level 10. HP: 80/96 MP: 9/9
  5832 | D:8      | Found a flagged portal.
  6648 | D:9      | Reached skill level 1 in Invocations
  6975 | D:9      | Reached **** piety under Qazlal
  7007 | D:9      | You fall into a shaft and drop 1 floor!
  7007 | D:10     | Entered Level 10 of the Dungeon
  7082 | D:10     | Found a snail-covered altar of Cheibriados.
  7458 | D:10     | Found a shadowy altar of Dithmenos.
  7460 | D:10     | Found a glowing golden altar of the Shining One.
  7462 | D:10     | Found a burning altar of Makhleb.
  7462 | D:10     | Found a bloodstained altar of Trog.
  7571 | D:10     | Found a runed translucent gate.
  7571 | D:10     | Found a runed translucent gate.
  7571 | D:10     | Found a runed translucent gate.
  7572 | D:10     | Noticed LordWeiramon's ghost (novice DsFi)
  7574 | D:10     | Identified the +1 plate armour of the Blind Marksman {rElec
                  | rN+++ MP+9 Int-2}
  7581 | D:10     | Found a staircase to the Lair.
  7690 | D:10     | Found an iron altar of Okawaru.
  7966 | D:10     | Found the +3 hat of Pondering {ponderous, Will+ MP+10
                  | Int+5}
  8224 | D:11     | Noticed Grum
  8229 | D:11     | Noticed a white ugly thing
  8235 | D:11     | Reached XP level 11. HP: 39/102 MP: 12/12
  8241 | D:11     | Slain by a white ugly thing

Illustrated notes

Levels and vault maps discovered:
D:1:      amcnicky_arrival_blooded_trapdoor, layout_basic
D:2:      minmay_recursive_quarters, layout_basic
D:3:      layout_rooms, uniq_ijyb
D:4:      layout_basic, minmay_temple_entry_nine_rooms, serial_shops, shop,
          uniq_sigmund
D:5:      cheibrodos_helix_gallery, layout_rooms,
          mainiacjoe_overflow_tiny_flanked, lemuel_blue_sif_altar,
          gammafunk_ghost_mausoleum, gup_ossuary_entry_pyramid, serial_shops,
          shop
D:6:      layout_basic, minmay_misc_feat_enclosed, abandoned_shop
D:7:      layout_rooms, amcnicky_altar_gilded,
          nicolae_hepliaklqana_monster_ancestors, kennysheep_generic_room_2
D:8:      layout_basic, serial_rivers, chequers_serial_rivers_micro_e,
          chequers_serial_rivers_micro_c, chequers_serial_rivers_micro_b,
          chequers_serial_rivers_large_a, chequers_serial_rivers_micro_b,
          enter_bailey_2, minivault_5, corner_web_ring,
          hangedman_abyss_or_decor_stabs, kennysheep_generic_room_16,
          uniq_gastronok
D:9:      layout_layer_cave, zin_statuary
D:10:     layout_loops_ring, kennysheep_slug_shrine, grunt_temple_overflow_open,
          mainiacjoe_overflow_chevrons, lair_entry_dummy,
          biasface_ghost_orc_armoury, kennysheep_boxes
D:11:     layout_basic, minmay_orc_entry_guard_dogs, serial_curves,
          eino_curves_01, eino_curves_03, uniq_psyche, uniq_grum
Temple:   minmay_temple_curvy_loop

Skill      XL: |  1  2  3  4  5  6  7  8  9 10 |
---------------+-------------------------------+-----
Axes           | 3 4 5 6 7 9 10 | 10.4
Fighting       | 4 5 6 8 9 10 11 | 11.3
Dodging        | 7 9 |  9.8
Armour         | 6 8 |  8.4
Invocations    | 3 |  3.6
Shields        | |  3.6

Action                     |  1- 3 |  4- 6 |  7- 9 | 10-12 || total
---------------------------+-------+-------+-------+-------++-------
  Melee: War axe           |    49 |    88 |   231 |   131 ||   499
         Headbutt          |     2 |    14 |    58 |    18 ||    92
  Evoke: Wand              |       |     4 |       |       ||     4
         Tin of tremorston |       |       |       |     2 ||     2
    Use: Scroll            |     9 |     2 |    12 |     3 ||    26
         Potion            |     1 |       |       |     7 ||     8
 Armour: Scale mail        |     5 |       |       |       ||     5
         Plate armour      |    31 |    82 |   148 |    62 ||   323
  Dodge: Dodged            |    20 |    24 |    64 |    58 ||   166
         Repelled          |       |       |       |     1 ||     1
  Block: Buckler           |    17 |    27 |    32 |       ||    76
         Kite shield       |       |       |    66 |   135 ||   201
